General information
- name: BNet
- type: Ladder team game (AT/RT)
- host: Battle.net
- saver: FFA.SMERBECK
map: DragonFalls
- players: 8
- length: 54:25
- speed: Fast
- version: 1.23 W3XP
- replay type: Public
» download(246 KB)
Players
team 1 (winner)
FFA.SMERBECK (
teal | 80 APM | 4372 actions | 54:25)
9 Death Knight
3 Death Coil
3 Unholy Aura
3 Death Pact
10 Lich
3 Frost Nova
3 Frost Armor
1 Death and Decay
3 Dark Ritual
10 Crypt Lord
3 Impale
3 Spiked Carapace
1 Locust Swarm
3 Carrion Beetles
» actions
| Assign group hotkey | 36 | |
| Basic commands | 460 | |
| Build / train | 138 | |
| ESC pressed | 8 | |
| Enter build submenu | 40 | |
| Enter hero's abilities submenu | 29 | |
| Give item / drop item | 11 | |
| Right click | 1744 | |
| Select / deselect | 705 | |
| Select group hotkey | 862 | |
| Use ability | 339 | |
4372 total
» units
| Acolyte | 6 | |
| Ghoul | 6 | |
| Crypt Fiend | 10 | |
| Obsidian Statue | 2 | |
| Frost Wyrm | 5 | |
| Gargoyle | 1 | |
| Siege Engine | 5 | |
| Green Dragon | 2 | |
37 total
» upgrades
| Burrow | 1 | |
| Creature Attack | 3 | |
| Web | 1 | |
| Creature Carapace | 3 | |
| Destroyer Form | 1 | |
| Plating | 2 | |
| Barrage | 1 | |
| Masonry | 1 | |
13 total
» buildings
| Graveyard | 2 | |
| Crypt | 3 | |
| Altar of Darkness | 2 | |
| Ziggurat | 16 | |
| Tomb of Relics | 1 | |
| Halls of the Dead | 6 | |
| Nerubian Tower | 2 | |
| Slaughterhouse | 1 | |
| Black Citadel | 2 | |
| Sacrificial Pit | 2 | |
| Boneyard | 4 | |
| Necropolis | 1 | |
| Farm | 1 | |
| Scout Tower | 5 | |
| Guard Tower | 3 | |
| Keep | 2 | |
| Altar of Kings | 1 | |
| Tree of Ages | 3 | |
| Castle | 2 | |
| Blacksmith | 1 | |
| Town Hall | 1 | |
61 total
» build order
00:22 Graveyard
00:31 Crypt
00:53 Altar of Darkness
01:09 Ziggurat
01:31 Tomb of Relics
02:18 Ziggurat
04:40 Halls of the Dead
04:40 Halls of the Dead
05:14 Ziggurat
05:17 Ziggurat
05:21 Nerubian Tower
05:21 Nerubian Tower
07:19 Slaughterhouse
08:02 Black Citadel
10:07 Sacrificial Pit
13:34 Boneyard
13:36 Boneyard
13:38 Ziggurat
13:39 Ziggurat
15:57 Ziggurat
17:44 Necropolis
21:10 Ziggurat
22:23 Farm
27:27 Scout Tower
27:29 Scout Tower
27:29 Scout Tower
27:31 Scout Tower
27:31 Scout Tower
27:57 Guard Tower
28:21 Guard Tower
31:59 Halls of the Dead
31:59 Halls of the Dead
32:00 Halls of the Dead
32:09 Altar of Darkness
32:10 Graveyard
32:47 Keep
32:47 Keep
32:50 Ziggurat
32:51 Ziggurat
32:52 Ziggurat
34:43 Black Citadel
34:44 Sacrificial Pit
34:46 Ziggurat
34:49 Crypt
35:12 Altar of Kings
35:24 Tree of Ages
35:25 Tree of Ages
36:14 Ziggurat
36:14 Ziggurat
36:32 Castle
36:36 Blacksmith
37:16 Crypt
40:10 Ziggurat
40:11 Ziggurat
43:16 Boneyard
45:59 Boneyard
53:45 Town Hall
» items
| Rod of Necromancy | 4 | |
| Dust of Appearance | 1 | |
| Potion of Lesser Invulnerability | 3 | |
| Boots of Speed | 2 | |
| Orb of Corruption | 2 | |
| Scroll of Town Portal | 7 | |
| Periapt of Vitality | 1 | |
| Potion of Healing | 1 | |
| Scroll of Healing | 2 | |
| Scroll of Protection | 1 | |
24 total
trojan08 (
yellow | 32 APM | 629 actions | 19:40)
2 Mountain King
1 Thunder Clap
1 Storm Bolt
» actions
| Assign group hotkey | 6 | |
| Basic commands | 19 | |
| Build / train | 55 | |
| ESC pressed | 8 | |
| Enter build submenu | 44 | |
| Enter hero's abilities submenu | 2 | |
| Remove unit from queue | 1 | |
| Right click | 159 | |
| Select / deselect | 280 | |
| Select group hotkey | 7 | |
| Use ability | 48 | |
629 total
» units
» upgrades
| Lumber Harvesting | 2 | |
| Gunpowder | 3 | |
| Plating | 0 | |
| Masonry | 1 | |
| Armor | 3 | |
| Fragmentation Shards | 1 | |
10 total
» buildings
| Lumber Mill | 2 | |
| Farm | 9 | |
| Scout Tower | 20 | |
| Guard Tower | 16 | |
| Altar of Kings | 1 | |
| Keep | 1 | |
| Blacksmith | 2 | |
| Castle | 1 | |
| Workshop | 5 | |
| Town Hall | 1 | |
58 total
» build order
00:15 Lumber Mill
00:16 Farm
01:08 Scout Tower
01:10 Scout Tower
01:38 Guard Tower
01:43 Scout Tower
01:49 Scout Tower
02:13 Guard Tower
02:23 Guard Tower
02:58 Farm
03:02 Altar of Kings
03:54 Scout Tower
04:18 Guard Tower
04:32 Scout Tower
04:50 Guard Tower
04:52 Scout Tower
05:06 Farm
05:10 Guard Tower
05:11 Scout Tower
05:28 Keep
05:33 Guard Tower
06:02 Scout Tower
06:20 Scout Tower
06:21 Guard Tower
06:21 Guard Tower
06:41 Scout Tower
06:54 Farm
07:05 Guard Tower
07:16 Scout Tower
07:41 Guard Tower
08:14 Blacksmith
08:48 Castle
09:03 Workshop
09:05 Workshop
09:06 Workshop
09:08 Workshop
09:22 Workshop
09:34 Scout Tower
09:38 Scout Tower
10:05 Guard Tower
10:10 Scout Tower
10:11 Scout Tower
10:20 Lumber Mill
10:47 Blacksmith
10:50 Guard Tower
10:55 Scout Tower
10:56 Scout Tower
11:46 Guard Tower
11:48 Scout Tower
11:49 Scout Tower
12:13 Farm
12:18 Guard Tower
12:20 Guard Tower
12:25 Farm
12:25 Farm
13:03 Farm
13:44 Farm
16:27 Town Hall
» items

»
SirPubert (
purple | 24 APM | 802 actions | 33:41)
2 Warden
1 Blink
1 Fan of Knives
1 Keeper of the Grove
1 Force of Nature
1 Naga Sea Witch
1 Forked Lightning
» actions
| Assign group hotkey | 15 | |
| Build / train | 64 | |
| ESC pressed | 4 | |
| Enter build submenu | 25 | |
| Enter hero's abilities submenu | 5 | |
| Remove unit from queue | 1 | |
| Right click | 305 | |
| Select / deselect | 288 | |
| Select group hotkey | 12 | |
| Use ability | 83 | |
802 total
» units
| Wisp | 26 | |
| Glaive Thrower | 1 | |
| Huntress | 5 | |
| Dryad | 2 | |
| Archer | 1 | |
| Druid of the Talon | 3 | |
| Dragonhawk Rider | 3 | |
| Gryphon Rider | 2 | |
43 total
» upgrades
| Strength of the Moon | 2 | |
| Druid of the Talon Training | 1 | |
3 total
» buildings
| Hunter's Hall | 1 | |
| Moon Well | 11 | |
| Ancient Protector | 5 | |
| Altar of Elders | 2 | |
| Ancient of War | 2 | |
| Tree of Ages | 1 | |
| Ancient of Lore | 3 | |
| Ancient of Wind | 3 | |
| Tree of Eternity | 1 | |
| Gryphon Aviary | 2 | |
| Arcane Vault | 1 | |
| Tree of Life | 1 | |
33 total
» build order
00:12 Hunter's Hall
00:18 Moon Well
02:33 Ancient Protector
02:34 Ancient Protector
02:38 Ancient Protector
03:04 Ancient Protector
03:06 Ancient Protector
04:02 Moon Well
04:04 Moon Well
04:06 Moon Well
04:10 Altar of Elders
05:49 Ancient of War
05:51 Ancient of War
05:54 Tree of Ages
08:25 Ancient of Lore
08:28 Ancient of Wind
11:52 Ancient of Wind
11:53 Ancient of Wind
11:57 Tree of Eternity
12:42 Moon Well
12:43 Moon Well
12:45 Moon Well
12:46 Moon Well
15:05 Ancient of Lore
22:59 Gryphon Aviary
23:00 Gryphon Aviary
23:14 Ancient of Lore
25:59 Arcane Vault
28:11 Tree of Life
32:18 Altar of Elders
32:20 Moon Well
32:21 Moon Well
32:21 Moon Well
» items
| Staff of Teleportation | 2 | |
| Scroll of Protection | 1 | |
| Scroll of Healing | 2 | |
| Scroll of Town Portal | 2 | |
7 total

»
dolan (
blue | 18 APM | 952 actions | 54:19)
5 Goblin Alchemist
3 Healing Spray
2 Acid Bomb
» actions
| Basic commands | 6 | |
| Build / train | 59 | |
| Enter build submenu | 49 | |
| Enter hero's abilities submenu | 6 | |
| Right click | 367 | |
| Select / deselect | 367 | |
| Use ability | 98 | |
952 total
» units
» buildings
| Altar of Storms | 2 | |
| Orc Burrow | 10 | |
| War Mill | 2 | |
| Watch Tower | 46 | |
| Barracks | 1 | |
| Voodoo Lounge | 1 | |
| Stronghold | 1 | |
| Scout Tower | 9 | |
| Cannon Tower | 2 | |
| Guard Tower | 1 | |
| Great Hall | 1 | |
| Arcane Tower | 1 | |
| Lumber Mill | 1 | |
78 total
» build order
00:05 Altar of Storms
00:07 Orc Burrow
01:40 War Mill
02:28 Orc Burrow
02:30 Orc Burrow
04:05 Orc Burrow
04:07 Orc Burrow
04:50 Watch Tower
04:51 Watch Tower
04:53 Watch Tower
04:56 Watch Tower
04:59 Watch Tower
06:00 Barracks
07:14 Voodoo Lounge
10:03 Watch Tower
10:08 Watch Tower
10:16 Watch Tower
10:19 Watch Tower
10:24 Watch Tower
10:31 Watch Tower
11:18 Watch Tower
11:21 Watch Tower
11:26 Watch Tower
11:31 Watch Tower
11:37 Watch Tower
11:47 Watch Tower
11:52 Stronghold
12:43 Watch Tower
12:49 Watch Tower
12:53 Watch Tower
12:58 Watch Tower
13:03 Watch Tower
15:02 Watch Tower
15:03 Watch Tower
15:05 Watch Tower
15:07 Watch Tower
16:15 Orc Burrow
16:17 Orc Burrow
19:40 Watch Tower
19:42 Watch Tower
19:44 Watch Tower
19:46 Watch Tower
22:50 Watch Tower
22:57 Watch Tower
22:58 Watch Tower
23:04 Watch Tower
23:07 Watch Tower
23:58 Watch Tower
23:59 Watch Tower
24:07 Watch Tower
24:08 Watch Tower
25:09 Watch Tower
25:10 Watch Tower
25:11 Watch Tower
25:13 Watch Tower
25:15 Watch Tower
25:17 Watch Tower
25:18 Watch Tower
26:26 Scout Tower
26:28 Scout Tower
26:29 Scout Tower
26:31 Scout Tower
26:32 Scout Tower
26:33 Scout Tower
26:35 Scout Tower
26:45 War Mill
27:48 Cannon Tower
28:49 Cannon Tower
28:57 Altar of Storms
29:48 Guard Tower
30:12 Orc Burrow
31:28 Orc Burrow
31:32 Orc Burrow
33:26 Scout Tower
33:27 Scout Tower
33:43 Great Hall
36:52 Arcane Tower
52:15 Lumber Mill
» items
| Scroll of Town Portal | 1 | |
| Periapt of Vitality | 1 | |
2 total
team 2 (loser)
Sugutor-pro (
green | 42 APM | 1271 actions | 30:13)
8 Death Knight
3 Unholy Aura
2 Death Pact
2 Death Coil
1 Animate Dead
» actions
| Basic commands | 35 | |
| Build / train | 58 | |
| Enter build submenu | 31 | |
| Enter hero's abilities submenu | 8 | |
| Right click | 735 | |
| Select / deselect | 332 | |
| Use ability | 72 | |
1271 total
» units
| Acolyte | 8 | |
| Ghoul | 9 | |
| Crypt Fiend | 14 | |
| Frost Wyrm | 4 | |
35 total
» upgrades
| Creature Carapace | 2 | |
| Web | 1 | |
| Creature Attack | 2 | |
| Ghoul Frenzy | 1 | |
6 total
» buildings
| Ziggurat | 18 | |
| Crypt | 1 | |
| Altar of Darkness | 2 | |
| Graveyard | 1 | |
| Tomb of Relics | 1 | |
| Halls of the Dead | 1 | |
| Black Citadel | 1 | |
| Sacrificial Pit | 1 | |
| Spirit Tower | 1 | |
| Boneyard | 2 | |
| Necropolis | 1 | |
30 total
» build order
00:08 Ziggurat
00:10 Crypt
00:34 Altar of Darkness
00:59 Ziggurat
01:32 Graveyard
02:09 Ziggurat
02:12 Tomb of Relics
04:42 Ziggurat
05:56 Ziggurat
06:23 Halls of the Dead
07:03 Ziggurat
09:29 Black Citadel
14:54 Sacrificial Pit
15:18 Spirit Tower
17:46 Boneyard
17:56 Boneyard
24:13 Ziggurat
24:14 Ziggurat
24:16 Ziggurat
24:17 Ziggurat
24:20 Ziggurat
27:45 Necropolis
27:47 Ziggurat
27:49 Ziggurat
27:50 Ziggurat
27:52 Ziggurat
27:54 Ziggurat
29:08 Altar of Darkness
29:11 Ziggurat
29:12 Ziggurat
» items
| Healing Salve | 2 | |
| Rod of Necromancy | 1 | |
| Orb of Corruption | 1 | |
| Scroll of Town Portal | 1 | |
5 total
2oo9.iMPoSsiBLe (
pink | 38 APM | 1792 actions | 46:50)
11 Demon Hunter
3 Mana Burn
3 Evasion
3 Metamorphosis
2 Immolation
» actions
| Basic commands | 4 | |
| Build / train | 99 | |
| Enter build submenu | 27 | |
| Enter hero's abilities submenu | 9 | |
| Give item / drop item | 2 | |
| Right click | 1048 | |
| Select / deselect | 502 | |
| Use ability | 101 | |
1792 total
» units
| Wisp | 21 | |
| Huntress | 4 | |
| Druid of the Claw | 15 | |
| Dryad | 9 | |
| Hippogryph | 3 | |
52 total
» upgrades
| Reinforced Hides | 3 | |
| Druid of the Claw Training | 2 | |
| Strength of the Wild | 3 | |
| Well Spring | 1 | |
| Ultravision | 1 | |
10 total
» buildings
| Altar of Elders | 1 | |
| Moon Well | 8 | |
| Hunter's Hall | 1 | |
| Ancient of War | 1 | |
| Tree of Ages | 1 | |
| Tree of Eternity | 1 | |
| Tree of Life | 5 | |
| Ancient of Lore | 6 | |
| Halls of the Dead | 1 | |
| Black Citadel | 1 | |
| Sacrificial Pit | 1 | |
| Nerubian Tower | 1 | |
| Ancient of Wind | 2 | |
30 total
» build order
00:10 Altar of Elders
00:14 Moon Well
01:34 Hunter's Hall
01:59 Ancient of War
02:20 Moon Well
04:09 Tree of Ages
04:17 Moon Well
05:58 Moon Well
06:35 Tree of Eternity
06:59 Tree of Life
07:12 Moon Well
08:11 Ancient of Lore
08:13 Ancient of Lore
15:01 Moon Well
16:46 Moon Well
16:49 Moon Well
24:37 Tree of Life
26:04 Tree of Life
31:24 Halls of the Dead
31:37 Ancient of Lore
34:32 Black Citadel
34:34 Sacrificial Pit
35:03 Ancient of Lore
35:06 Ancient of Lore
36:18 Tree of Life
37:09 Ancient of Lore
38:04 Nerubian Tower
38:17 Ancient of Wind
38:24 Ancient of Wind
43:11 Tree of Life
» items
| Potion of Lesser Invulnerability | 3 | |
| Scroll of Healing | 2 | |
| Scroll of Protection | 1 | |
| Boots of Speed | 1 | |
| Scroll of Town Portal | 5 | |
| Potion of Healing | 1 | |
| Orb of Corruption | 1 | |
| Potion of Invisibility | 1 | |
15 total
norgin (
red | 28 APM | 987 actions | 35:51)
7 Blademaster
1 Wind Walk
3 Critical Strike
2 Mirror Image
1 Bladestorm
» actions
| Basic commands | 2 | |
| Build / train | 61 | |
| Enter build submenu | 19 | |
| Enter hero's abilities submenu | 7 | |
| Right click | 665 | |
| Select / deselect | 184 | |
| Use ability | 49 | |
987 total
» units
| Peon | 8 | |
| Grunt | 5 | |
| Demolisher | 4 | |
| Tauren | 8 | |
| Shaman | 11 | |
| Troll Headhunter/Berserker | 4 | |
40 total
» upgrades
| Shaman Training | 2 | |
| Burning Oil | 1 | |
| Pulverize | 1 | |
4 total
» buildings
| Altar of Storms | 1 | |
| Orc Burrow | 6 | |
| Barracks | 3 | |
| Voodoo Lounge | 1 | |
| War Mill | 1 | |
| Stronghold | 1 | |
| Fortress | 1 | |
| Spirit Lodge | 1 | |
| Tauren Totem | 2 | |
| Great Hall | 1 | |
| Sacrificial Pit | 1 | |
19 total
» build order
00:05 Altar of Storms
00:08 Orc Burrow
00:52 Barracks
01:59 Orc Burrow
02:06 Voodoo Lounge
02:19 War Mill
04:11 Stronghold
06:05 Orc Burrow
06:11 Orc Burrow
09:29 Fortress
09:34 Spirit Lodge
12:53 Tauren Totem
13:25 Tauren Totem
16:31 Great Hall
16:51 Orc Burrow
17:18 Orc Burrow
32:56 Barracks
33:09 Barracks
35:17 Sacrificial Pit
» items
| Healing Salve | 3 | |
| Orb of Lightning | 1 | |
| Potion of Healing | 1 | |
| Boots of Speed | 1 | |
| Staff of Teleportation | 1 | |
7 total
WarmSeat565 (
orange | 24 APM | 1286 actions | 54:19)
2 Blademaster
1 Wind Walk
1 Mirror Image
» actions
| Assign group hotkey | 30 | |
| Basic commands | 121 | |
| Build / train | 70 | |
| Enter build submenu | 31 | |
| Enter hero's abilities submenu | 2 | |
| Remove unit from queue | 3 | |
| Right click | 611 | |
| Select / deselect | 238 | |
| Select group hotkey | 141 | |
| Use ability | 39 | |
1286 total
» units
| Peon | 9 | |
| Grunt | 5 | |
| Demolisher | 5 | |
| Tauren | 23 | |
| Troll Headhunter/Berserker | 6 | |
| Wisp | 3 | |
51 total
» upgrades
| Pillage | 1 | |
| Melee Weapons | 3 | |
| Spiked Barricades | 1 | |
| Armor | 2 | |
| Berserker Strength | 1 | |
| Pulverize | 1 | |
| Burning Oil | 1 | |
| Berserker Upgrade | 1 | |
11 total
» buildings
| Orc Burrow | 11 | |
| Altar of Storms | 1 | |
| Barracks | 1 | |
| War Mill | 1 | |
| Stronghold | 1 | |
| Fortress | 1 | |
| Tauren Totem | 2 | |
| Great Hall | 2 | |
| Necropolis | 2 | |
| Crypt | 1 | |
| Ziggurat | 1 | |
| Tree of Life | 5 | |
29 total
» build order
00:11 Orc Burrow
00:13 Altar of Storms
00:50 Barracks
02:09 Orc Burrow
04:35 War Mill
05:15 Stronghold
05:22 Orc Burrow
06:48 Orc Burrow
08:12 Orc Burrow
08:39 Fortress
09:38 Orc Burrow
11:01 Tauren Totem
12:06 Tauren Totem
16:50 Orc Burrow
16:52 Orc Burrow
19:08 Orc Burrow
24:26 Great Hall
24:42 Orc Burrow
25:39 Orc Burrow
36:32 Great Hall
48:49 Necropolis
49:16 Necropolis
50:47 Crypt
50:54 Ziggurat
52:19 Tree of Life
52:29 Tree of Life
52:42 Tree of Life
53:02 Tree of Life
53:32 Tree of Life
Chat log
(03:37 / All) 2oo9.iMPoSsiBLe: LOL
(05:29 / Allies) FFA.SMERBECK: blue
(05:31 / Allies) FFA.SMERBECK: what are you doling
(08:40 / Allies) trojan08: has anyone else been teching?
(08:57 / Allies) trojan08: that was the whole point of this
(09:01 / Allies) FFA.SMERBECK: lol
(09:45 / Allies) FFA.SMERBECK: blue
(09:47 / Allies) FFA.SMERBECK: make some towers
(09:48 / Allies) FFA.SMERBECK: in ur base
(09:49 / Allies) FFA.SMERBECK: plz
(11:42 / Allies) trojan08: what units is everyone getting?
(11:57 / Allies) FFA.SMERBECK: wyrms
(13:27 / Allies) FFA.SMERBECK: ok
(13:57 / Allies) SirPubert: help
(13:59 / Allies) FFA.SMERBECK: ok
(15:40 / All) 2oo9.iMPoSsiBLe: RUN MOTHAFUCKA
(16:07 / Allies) SirPubert: roll yellow
(16:09 / Allies) FFA.SMERBECK: yellow
(16:09 / Allies) FFA.SMERBECK: run
(16:09 / Allies) SirPubert: roll
(16:12 / Allies) FFA.SMERBECK: lolo
(16:13 / Allies) FFA.SMERBECK: wtf
(16:49 / Allies) trojan08: blue
(16:50 / Allies) trojan08: seriously
(16:54 / Allies) trojan08: make some fucking units.
(16:55 / Allies) dolan: what
(16:59 / Allies) trojan08: melee
(17:00 / Allies) FFA.SMERBECK: lol
(18:03 / Allies) FFA.SMERBECK: blue
(18:04 / Allies) FFA.SMERBECK: get a god damn tp
(18:05 / Allies) FFA.SMERBECK: lol
(18:14 / Allies) FFA.SMERBECK: stop following me
(18:15 / Allies) FFA.SMERBECK: please.
(18:22 / Allies) dolan: k
(19:38 / Allies) trojan08: that's game
(19:40 / Allies) FFA.SMERBECK: no
(19:41 / Allies) FFA.SMERBECK: its not
(19:44 / All) 2oo9.iMPoSsiBLe: gg noobs
(20:54 / All) Sugutor-pro: 5 k
(23:31 / Allies) FFA.SMERBECK: out
(24:27 / All) Sugutor-pro: plz leve
(24:31 / All) Sugutor-pro: leave*
(25:29 / All) 2oo9.iMPoSsiBLe: lol
(25:40 / Allies) FFA.SMERBECK: gold
(25:40 / Allies) FFA.SMERBECK: quck
(29:54 / All) WarmSeat565: GG
(36:56 / All) FFA.SMERBECK: yo
(37:00 / All) 2oo9.iMPoSsiBLe: ?
(37:19 / Allies) FFA.SMERBECK: blue
(37:20 / Allies) FFA.SMERBECK: send me lumber
(37:21 / Allies) FFA.SMERBECK: quick
(37:43 / Allies) dolan: die!!!!!!!!!!!!!!!!!!!!!!!!!!!]
(37:46 / Allies) FFA.SMERBECK: me?
(37:52 / Allies) dolan: i like to poop
(37:55 / Allies) dolan: no him
(38:04 / Allies) dolan: green]
(38:25 / All) FFA.SMERBECK: man ium so much better
(38:27 / All) FFA.SMERBECK: than you guys
(38:32 / All) FFA.SMERBECK: almost a literal 1v4
(38:35 / Allies) dolan: i know
(38:41 / All) FFA.SMERBECK: 988 heros
(38:44 / All) FFA.SMERBECK: l m a o
(38:56 / All) FFA.SMERBECK: i give lessons
(38:58 / All) FFA.SMERBECK: if you want
(39:04 / All) 2oo9.iMPoSsiBLe: lol no thanks
(39:05 / Allies) dolan: yhe!
(39:09 / All) 2oo9.iMPoSsiBLe: u just got lucky
(39:11 / All) FFA.SMERBECK: no
(39:13 / All) 2oo9.iMPoSsiBLe: my teammaets are fucking stupid
(39:14 / All) FFA.SMERBECK: this was pure skill nigger
(39:19 / All) FFA.SMERBECK: i literally had to 1v4
(39:40 / Allies) FFA.SMERBECK: blue
(39:41 / Allies) FFA.SMERBECK: lumber
(39:42 / Allies) FFA.SMERBECK: noiw
(43:06 / All) FFA.SMERBECK: lmao
(43:07 / All) FFA.SMERBECK: so good
(43:16 / Allies) dolan: u are
(43:58 / Allies) FFA.SMERBECK: again
(43:59 / Allies) FFA.SMERBECK: pee on me
(44:01 / Allies) FFA.SMERBECK: thanks
(45:34 / Allies) FFA.SMERBECK: thx
(45:45 / Allies) dolan: your making us win
(47:45 / All) FFA.SMERBECK: gg
(47:46 / All) FFA.SMERBECK: leave
(51:25 / All) FFA.SMERBECK: I am Lord Lamike the Emporer, aka Black-son
(51:51 / All) FFA.SMERBECK: I will flay you.
(52:21 / Allies) FFA.SMERBECK: blue
(52:23 / Allies) FFA.SMERBECK: are you here?
(52:37 / Allies) dolan: yeah
(54:18 / All) FFA.SMERBECK: i know you're here orange